Map: New Repugnancy LE

Players

soul - Winner!

  • Race: Terran Terran
  • League: Grandmaster
  • Spawn Location: 1:00

Kas

  • Race: Terran Terran
  • League: Master
  • Spawn Location: 7:00

Event: HomeStory Cup XIX

VOD

Have the link to the VOD?

Description

Time

  • Played on: June 28, 2019, 12:10 p.m.
  • Length: 11:17

All games in this series

Show
View Real Time Build Order
Export as new Build Order

soul Terran - Winner!

Build Orders:  

Get SALT Encoding   

  12  0:00  SCV  
  13  0:12  SCV  
  14  0:17  Supply Depot  
  14  0:24  SCV  
  14  0:27  Refinery  
  15  0:38  SCV  
  16  0:45  Barracks  
  16  0:50  SCV  
  16  0:55  Refinery  
  17  1:03  SCV  
  18  1:15  SCV  
  19  1:32  Orbital Command, Factory  
  19  1:38  Reaper  
  20  1:44  Supply Depot  
  20  1:58  SCV  
  21  2:10  SCV, Reaper  
  23  2:16  Hellion  
  23  2:22  SCV  
  26  2:28  Command Center  
  25  2:38  Hellion  
  25  2:39  SCV  
  25  2:43  Barracks Tech Lab  
  28  2:51  SCV  
  29  2:52  Supply Depot  
  29  3:03  SCV  
  29  3:15  SCV  
  29  3:16  Starport  
  30  3:20  Cyclone  
  30  3:24  Barracks Tech Lab  
  33  3:27  SCV  
  34  3:39  SCV  
  35  3:42  Refinery  
  35  3:51  SCV  
  35  3:54  Orbital Command  
  35  3:59  Barracks Reactor  
  35  4:03  SCV  
  35  4:08  Siege Tank  
  35  4:09  Supply Depot  
  39  4:14  Raven  
  39  4:16  SCV  
  42  4:23  SCV  
  43  4:28  SCV  
  44  4:35  SCV  
  44  4:36  Marine  
  46  4:40  SCV  
  46  4:41  Marine  
  46  4:47  SCV  
  46  4:52  Siege Tank, SCV  
  47  4:54  Marine  
  47  4:57  Raven  
  47  4:59  Marine, Command Center, SCV  
  52  5:04  SCV  
  53  5:11  Marine, SCV  
  55  5:16  SCV  
  55  5:17  Marine  
  55  5:24  Siege Tank  
  55  5:25  Supply Depot x2  
  60  5:28  SCV  
  60  5:31  Barracks, SCV  
  60  5:32  Barracks  
  62  5:40  SCV  
  61  5:43  SCV  
  61  5:45  Stimpack  
  61  5:46  Viking, Marine  
  61  5:47  Refinery  
  61  5:48  Viking  
  67  5:52  SCV  
  68  5:57  SCV, Supply Depot x2  
  68  6:04  Siege Tank, Marine, SCV  
  69  6:09  SCV  
  75  6:17  Orbital Command  
  75  6:19  SCV  
  75  6:21  Engineering Bay x2  
  75  6:22  SCV  
  77  6:26  Viking  
  77  6:31  SCV  
  79  6:34  Marine  
  79  6:36  Siege Tank  
  79  6:38  Marine  
  84  6:40  Marine  
  84  6:46  Engineering Bay  
  85  6:49  SCV  
  85  6:51  Marine  
  84  6:56  Marine  
  84  6:58  Marine  
  75  7:06  Viking  
  75  7:10  SCV x2  
  75  7:12  Viking  
  82  7:15  Marine  
  82  7:17  Terran Infantry Weapons Level 1, Terran Infantry Armor Level 1  
  82  7:19  Barracks Reactor x2  
  82  7:22  Orbital Command, SCV x2  
  81  7:29  Siege Tank  
  84  7:34  SCV  
  84  7:35  SCV  
  85  7:45  Barracks, Viking  
  85  7:46  Barracks, SCV  
  85  7:47  SCV  
  85  7:48  SCV  
  90  7:53  Marine  
  90  7:55  Combat Shield  
  91  7:59  SCV x2  
  93  8:05  SCV  
  93  8:08  Refinery, Sensor Tower  
  93  8:10  Supply Depot x2  
  94  8:14  Marine x4  
  94  8:15  Marine  
  99  8:20  SCV  
  99  8:21  SCV  
  99  8:24  Siege Tank  
  104  8:29  Viking  
  104  8:31  SCV  
  104  8:32  Marine x2  
  108  8:35  SCV  
  108  8:38  Marine  
  109  8:44  Marine, SCV  
  110  8:48  Marine  
  110  8:49  SCV  
  110  8:51  Marine  
  110  8:53  Medivac  
  110  8:54  Marine  
  110  8:55  SCV  
  115  8:56  Marine  
  115  8:59  Medivac  
  115  9:01  SCV  
  119  9:05  Marine  
  119  9:06  Marine  
  119  9:09  Marine  
  124  9:11  Barracks Reactor x2  
  124  9:12  Marine  
  124  9:13  SCV  
  124  9:14  Refinery, Command Center  
  124  9:16  Armory  
  124  9:17  SCV  
  124  9:18  Supply Depot  
  124  9:19  Supply Depot  
  125  9:25  Marine  
  125  9:33  SCV  
  125  9:35  Marine  
  125  9:38  Marine  
  125  9:39  Marine x2, Medivac  
  125  9:41  SCV x2  
  125  9:43  Marine  
  129  9:50  Marine  
  116  9:53  Marine  
  116  9:55  Marine  
  116  9:56  Marine  
  116  9:57  Marine x3, SCV  
  116  9:58  SCV  
  116  9:59  Marine  
  112  10:00  Siege Tank, Marine  
  112  10:04  SCV  
  115  10:08  Marine  
  115  10:11  Marine  
  115  10:13  Marine  
  118  10:14  Marine, Medivac  
  118  10:15  Marine x3  
  118  10:17  Marine  
  118  10:18  Marine  
  118  10:20  SCV  
  118  10:21  SCV x2  
  129  10:26  Marine  
  129  10:28  Planetary Fortress  
  130  10:29  Marine  
  130  10:31  Marine  
  130  10:32  Marine x3, SCV  
  130  10:33  Marine  
  130  10:35  Marine  
  136  10:36  Marine, SCV  
  136  10:37  Sensor Tower  
  136  10:39  SCV  
  140  10:44  Marine  
  140  10:47  Marine  
  140  10:49  Marine x2, SCV  
  140  10:50  Marine x2  
  140  10:51  Marine  
  140  10:53  Marine  
  140  10:54  Marine  
  143  10:58  SCV x2  
  143  11:01  SCV  
  147  11:05  SCV  
  156  11:13  Sensor Tower  
Show
View Real Time Build Order
Export as new Build Order

Kas Terran 

Build Orders:  

Get SALT Encoding   

  12  0:00  SCV  
  13  0:12  SCV  
  14  0:17  Supply Depot  
  14  0:25  SCV  
  15  0:29  Refinery  
  15  0:39  SCV  
  16  0:44  Barracks  
  16  0:51  SCV  
  16  0:55  Refinery  
  17  1:03  SCV  
  18  1:15  SCV  
  19  1:30  Orbital Command  
  19  1:32  Factory  
  19  1:34  Reaper  
  20  1:52  Supply Depot  
  20  1:55  SCV  
  21  2:06  Reaper  
  21  2:07  SCV  
  23  2:17  Hellion  
  23  2:20  SCV  
  26  2:30  Command Center  
  26  2:32  SCV  
  27  2:40  Reaper  
  27  2:44  SCV  
  28  2:46  Hellion  
  30  2:55  Supply Depot  
  30  2:56  SCV  
  30  3:09  SCV  
  31  3:14  Barracks Reactor, Starport  
  31  3:17  Hellion  
  33  3:21  SCV  
  34  3:29  Refinery  
  34  3:33  SCV  
  35  3:40  Factory Tech Lab  
  35  3:45  SCV  
  36  3:53  Starport Tech Lab  
  35  3:57  Orbital Command  
  35  3:58  Marine  
  35  3:59  Siege Tank, Marine  
  35  4:00  SCV  
  40  4:11  Raven  
  40  4:16  Marine x2, SCV  
  39  4:27  SCV  
  39  4:28  SCV  
  41  4:34  Marine x2  
  39  4:47  Siege Tank  
  39  4:51  SCV  
  39  4:52  Marine x2, SCV  
  46  4:54  Raven, Supply Depot  
  48  5:00  Command Center  
  48  5:05  SCV  
  48  5:06  SCV  
  49  5:17  Marine x2, SCV  
  49  5:20  SCV  
  53  5:22  Siege Tank  
  56  5:30  SCV  
  56  5:32  SCV  
  58  5:43  SCV  
  58  5:44  SCV  
  58  5:47  Engineering Bay  
  58  5:48  Viking  
  62  5:50  Engineering Bay  
  62  5:55  Supply Depot  
  62  5:56  Supply Depot  
  62  5:57  Supply Depot  
  62  5:58  Stimpack  
  62  6:12  Siege Tank, Viking, Orbital Command, Marine, SCV x2  
  68  6:24  Viking  
  68  6:25  SCV  
  70  6:30  Marine  
  71  6:33  Supply Depot x2  
  71  6:36  Terran Infantry Weapons Level 1  
  69  6:42  SCV  
  70  6:48  Marine  
  62  7:00  SCV  
  56  7:02  Viking x2, SCV  
  56  7:04  SCV  
  56  7:06  Marine  
  63  7:12  Barracks  
  63  7:13  Terran Infantry Armor Level 1  
  63  7:18  SCV x2  
  63  7:20  SCV  
  66  7:23  Marine  
  66  7:25  Barracks  
  67  7:30  SCV x2  
  67  7:32  Siege Tank  
  67  7:36  SCV  
  66  7:39  Viking  
  66  7:41  Marine  
  69  7:44  Refinery  
  69  7:47  SCV x2  
  69  7:50  Viking  
  73  7:55  SCV  
  74  7:59  Barracks  
  74  8:01  Barracks Reactor, Armory  
  74  8:02  Barracks  
  74  8:07  Siege Tank  
  74  8:09  SCV x2  
  74  8:12  Marine  
  80  8:13  Barracks Reactor  
  80  8:16  Orbital Command  
  80  8:24  Medivac x2  
  80  8:25  SCV  
  80  8:26  SCV  
  86  8:29  Supply Depot  
  86  8:30  Supply Depot  
  86  8:31  Supply Depot  
  86  8:32  Supply Depot  
  86  8:38  SCV  
  80  8:41  SCV  
  80  8:44  Marine x3  
  80  8:45  Siege Tank  
  80  8:46  SCV  
  77  8:50  SCV  
  77  8:52  Marine x2  
  77  8:53  Barracks Reactor x2  
  79  8:55  SCV  
  79  9:00  SCV  
  79  9:02  Marine x2  
  82  9:03  Marine  
  82  9:09  Refinery  
  83  9:10  Marine x2  
  83  9:11  Refinery  
  83  9:15  Sensor Tower  
  84  9:19  Combat Shield  
  84  9:20  Marine x3  
  87  9:28  Marine x2  
  87  9:32  Marine  
  87  9:35  Marine  
  87  9:36  Siege Tank, Marine x2  
  87  9:37  Medivac  
  87  9:38  Marine x3  
  99  9:45  Marine  
  99  9:46  Marine  
  99  9:50  Marine  
  98  9:53  Marine x2  
  98  9:54  Marine  
  98  9:55  Marine x2  
  98  9:57  Marine  
  77  10:01  Medivac  
  77  10:02  SCV  
  77  10:03  Marine x2  
  81  10:08  Marine  
  81  10:11  Marine x3  
  81  10:13  Marine x2  
  87  10:15  Marine  
  88  10:23  SCV x2  
  88  10:24  Marine x2  
  88  10:26  Marine  
  88  10:27  Siege Tank  
  96  10:29  Marine  
  96  10:34  Marine  
  96  10:35  Marine x2  
Tags
 
Add a new tag
Caveats
  • Supply blocks, unpowered buildings, or Contaminate may cause inaccurate times.
  • Supply counts are checked every 10 seconds.